 Dungeon Crawl Stone Soup version 0.28.0-53-g5a82cb258f (webtiles) character file.

Game seed: 15359834932457882981

67 Cykl0x the Digger (level 4, -2/24 HPs)
             Began as a Gargoyle Earth Elementalist on June 1, 2022.
             Slain by a gnoll
             ... wielding a +0 club
              (4 damage)
             ... on level 2 of the Dungeon.
             The game lasted 00:03:37 (1454 turns).

Cykl0x the Digger (Gargoyle Earth Elementalist)     Turns: 1454, Time: 00:03:37

Health: -2/24      AC:  5    Str: 12    XL:     4   Next: 16%
Magic:  1/9        EV: 12    Int: 17    God:
Gold:   47         SH:  0    Dex: 10    Spells: 5/9 levels left

rFire   . . .      SeeInvis .   a - +0 whip
rCold   . . .      Faith    .   (no shield)
rNeg    + . .      Spirit   .   b - +0 robe
rPois   ∞          Reflect  .   (no helmet)
rElec   +          Harm     .   (no cloak)
rCorr   .          Rampage  .   (no gloves)
Will    .....                   (no boots)
Stlth   ++........              (no amulet)
HPRegen 0.08/turn               (no ring)
MPRegen 0.11/turn               (no ring)

@: no status effects
A: sickness immunity, AC +3, negative energy resistance 1, electricity
resistance, torment resistance 1, petrification resistance
a: no special abilities


You were on level 2 of the Dungeon.
You visited 1 branch of the dungeon, and saw 2 of its levels.

You collected 47 gold pieces.

Inventory:

Hand Weapons
 a - a +0 whip (weapon)
Missiles
 c - 8 stones
Armour
 b - a +0 robe (worn)
 d - a +2 buckler
Scrolls
 f - a scroll of vulnerability {unknown}
 g - a scroll of teleportation {unknown}


   Skills:
 + Level 0.2 Fighting
 + Level 1.6 Dodging
 - Level 2.1 Stealth
 + Level 3.3 Spellcasting
 * Level 1.0 Conjurations
 - Level 0.7 Transmutations
 + Level 4.3 Earth Magic


You had 5 spell levels left.
You knew the following spells:

 Your Spells              Type           Power      Damage    Failure   Level
a - Sandblast             Erth           34%        2d9       3%          1
b - Stone Arrow           Conj/Erth      22%        3d8       17%         3

Your spell library contained the following spells:

 Spells                   Type           Power      Damage    Failure   Level
 Passwall                 Tmut/Erth      9%         N/A       9%          2
 Conjure Flame            Conj/Fire      4%         6-21      38%         3
 Ignite Poison            Fire/Tmut/Pois 3%         N/A       43%         3
 Gell's Gravitas          Tloc           2%         N/A       45%         3
 Lesser Beckoning         Tloc           2%         N/A       45%         3
 Teleport Other           Tloc           2%         N/A       45%         3
 Petrify                  Tmut/Erth      11%        N/A       52%         4
 Sticky Flame             Conj/Fire      4%         2d3       80%         4


Dungeon Overview and Level Annotations

Branches:
Dungeon (2/15)

Altars:


Innate Abilities, Weirdness & Mutations

You are immune to sickness and miasma.
Your stone body is resilient. (AC +3)
You are immune to poison.
You resist negative energy. (rN+)
You are resistant to electric shocks. (rElec)
You are resistant to unholy torment.
You are immune to petrification.


Message History

r - Retreat! s - Stop attacking. g - Guard the area. f - Follow me.
Anything else - Cancel.
Gang up on whom?
Press: ? - help, Dir - move target, f/p - gnoll
Aim: a gnoll, wielding a +0 club (heavily wounded, ally target) Attack!
Your giant cockroach bites the gnoll.
The rat barely misses your giant cockroach.
The gnoll hits your giant cockroach with a +0 club.
Your kobold barely misses the gnoll.
Your giant cockroach barely misses the gnoll.
Something completely misses your giant cockroach.
The gnoll barely misses your giant cockroach.
Your giant cockroach bites the gnoll.
Your giant cockroach barely misses the gnoll.
Something bites your giant cockroach but does no damage.
The gnoll hits your giant cockroach with a +0 club.
Your giant cockroach dies!
Your giant cockroach's corpse dissolves into shadows!
The gnoll shouts!
Your kobold hits the gnoll with a +0 short sword.
The gnoll dies!
Your Conjurations skill increases to level 1!
You have reached level 4!
You feel stronger. What are your orders? t - Shout!
Orders for allies: a - Attack new target. r - Retreat! s - Stop attacking. g - Guard the area. f - Follow me.
Anything else - Cancel.
Gang up on whom?
Press: ? - help, Dir - move target, f - rat
Aim: a rat (ally target) Attack!
Your kobold hits the rat with a +0 short sword.
The rat dies!
Unknown command.
You swap places.
The gnoll hits you with a +0 club.
You die...

#.#
##......<..#
#.# ##...###...
#.## #.#.# .
#..# #.#.# ##.#
#.#.# #.# #.<.#
#.## #####..###
.# #..#
#..###J..## .#
##.#
#....#@#..####.
#.##
#.##..Kg.......
#†.#
#.####.#.####.#
##.# ##<#
#.#.####.#
#.###..#
#.....##.###
#..##.##
##.##......#
##..#.#
#.#####_#.....
##.#.# #.## #.#
#.. #.#.# #..#
#r#


You could see a gnoll, a friendly endoplasm (summoned) and a friendly kobold
(summoned).

Vanquished Creatures
  A gnoll (D:2)
  4 endoplasms (D:1)
  2 giant cockroaches (D:1)
  3 goblins
  2 hobgoblins (D:1)
  2 quokkas (D:1)
  7 ball pythons
  2 bats (D:1)
  A frilled lizard (D:2)
  6 kobolds
  6 rats
36 creatures vanquished.

Vanquished Creatures (collateral kills)
  2 gnolls (D:2)
  A rat (D:2)
3 creatures vanquished.

Grand Total: 39 creatures vanquished

Notes
Turn   | Place    | Note
-------+----------+-------------------------------------------
     0 | D:1      | Cykl0x the Gargoyle Earth Elementalist began the quest for
                  | the Orb.
     0 | D:1      | Reached XP level 1. HP: 10/10 MP: 3/3
    90 | D:1      | Reached XP level 2. HP: 5/15 MP: 0/5
   290 | D:1      | Reached skill level 4 in Earth Magic
   790 | D:1      | Reached XP level 3. HP: 18/19 MP: 2/7
  1112 | D:2      | Learned a level 3 spell: Stone Arrow
  1346 | D:2      | Found a faded altar of an unknown god.
  1452 | D:2      | Reached skill level 1 in Conjurations
  1452 | D:2      | Reached XP level 4. HP: 2/24 MP: 0/8
  1454 | D:2      | Slain by a gnoll

Illustrated notes

Levels and vault maps discovered:
D:1:      minmay_arrival_jagged, layout_basic
D:2:      layout_rooms, basic_ecumenical_altar

Skill      XL: |  1  2  3 |
---------------+----------+-----
Earth Magic    | 4 |  4.3
Spellcasting   | 3 |  3.3
Conjurations   | 1 |  1.0
Fighting       | |  0.2
Dodging        | |  1.6
Stealth        | |  2.1
Transmutations | |  0.7

Action                   |  1- 3 |  4- 6 || total
-------------------------+-------+-------++-------
Melee: Whip              |     1 |       ||     1
 Cast: Sandblast         |    48 |       ||    48
       Stone Arrow       |     4 |       ||     4
  Use: Scroll            |     2 |       ||     2
Armor: Robe              |    14 |       ||    14
Dodge: Dodged            |    23 |       ||    23
